 Dungeon Crawl Stone Soup version 0.19-a0-1097-g38e3b35 (webtiles) character file.

10210 JustSomeDude the Protected (level 11, 0/88 HPs)
             Began as a Demonspawn Fighter on Aug 8, 2016.
             Was a Priest of Yredelemnul.
             Killed from afar by a gargoyle (7 damage)
             ... with a stone arrow
             ... on level 12 of the Dungeon.
             The game lasted 00:54:59 (11773 turns).

JustSomeDude the Protected (Demonspawn Fighter)    Turns: 11773, Time: 00:54:59

Health: 0/88       AC: 15    Str: 23    XL:     11   Next: 33%
Magic:  14/14      EV:  2    Int:  8    God:    Yredelemnul [***...]
Gold:   541        SH:  0    Dex: 13    Spells: 0 memorised, 10 levels left

rFire  . . .     SeeInvis .     a - +1 trident
rCold  + . .     Gourm    .     p - +1 scale mail {rN+}
rNeg   + + +     Faith    .     c - +0 shield
rPois  ∞         Spirit   .     (helmet unavailable)
rElec  .         Dismiss  .     B - +1 cloak
rCorr  .         Reflect  .     (no gloves)
SustAt .         Harm     .     E - +0 pair of boots
MR     .....                    (no amulet)
Stlth  +.........               z - +3 ring of evasion
                                j - +4 ring of strength

@: petrified
A: horns 3, rugged brown scales 2, cold resistance 1, dopey 1, rot immunity,
freezing cloud immunity
a: Recall Undead Slaves, Injury Mirror, Animate Dead, Renounce Religion


You were on level 12 of the Dungeon.
You worshipped Yredelemnul.
Yredelemnul was most pleased with you.
You were not hungry.

You visited 3 branches of the dungeon, and saw 15 of its levels.

You collected 541 gold pieces.

Inventory:

Hand Weapons
 a - a +1 trident (weapon)
Missiles
 t - 14 tomahawks (quivered)
Armour
 b - a +0 scale mail
 c - a +0 shield (worn)
 p - a +1 scale mail of positive energy (worn)
 y - a +0 chain mail
 B - a +1 cloak (worn)
 E - a +0 pair of boots (worn)
Jewellery
 j - a +4 ring of strength (left hand)
 u - an uncursed ring of positive energy
 z - a +3 ring of evasion (right hand)
 G - a cursed -5 ring of protection {unknown}
 I - an uncursed ring of protection from fire {unknown}
 P - an uncursed ring of protection from magic {unknown}
Wands
 k - a wand of disintegration (10/24)
 n - a wand of flame (16/48)
 o - a wand of lightning (8/15)
 x - a wand of lightning (9/15)
 A - a wand of enslavement (2/24)
 H - a wand of flame (16/48)
 J - a wand of confusion (29/48)
 K - a wand of confusion (34/48)
 O - a wand of digging (20/24)
 T - a wand of paralysis (11/24)
Scrolls
 e - 7 scrolls of identify
 g - 5 scrolls of recharging
 h - 3 scrolls of enchant weapon
 l - 4 scrolls of remove curse
 m - a scroll of immolation
 q - a scroll of magic mapping
 w - 3 scrolls of teleportation
 C - a scroll of noise
 D - a scroll of enchant armour
 F - a scroll of fear
Potions
 d - a potion of brilliance
 M - a potion of flight
 S - a potion of cure mutation
Books
 s - a book of Maledictions

   Spells                             Type                      Level
   a - Corona                         Hexes                        1
   b - Ensorcelled Hibernation        Hexes/Ice                    2
   c - Confuse                        Hexes                        3
   d - Tukima's Dance                 Hexes                        3
   e - Dazzling Spray                 Conjuration/Hexes            3
 L - a book of the Sky

   Spells                             Type                      Level
   a - Summon Lightning Spire         Summoning/Air                4
   b - Airstrike                      Air                          4
   c - Silence                        Hexes/Air                    5
   d - Deflect Missiles               Charms/Air                   6
   e - Conjure Ball Lightning         Conjuration/Air              6
   f - Tornado                        Air                          9
Miscellaneous
 r - a phantom mirror
Comestibles
 f - 9 bread rations
 W - 2 fruits


   Skills:
 + Level 7.0 Fighting
 + Level 7.0 Polearms
 + Level 8.5 Armour
 + Level 6.4 Dodging
 + Level 2.4 Stealth
 + Level 8.2 Shields
 + Level 4.9 Invocations
 + Level 2.3 Evocations


You had 10 spell levels left.
You didn't know any spells.

Dungeon Overview and Level Annotations

Branches:
Dungeon (12/15)            Temple (1/1) D:5            Lair (2/6) D:9
    Orc (0/2) D:11
  Swamp: Lair:2-4    Shoals: Lair:2-4     Snake: Lair:2-4    Spider: Lair:2-4

Altars:
Ashenzari
Cheibriados
Dithmenos
Elyvilon
Fedhas
Gozag
Hepliaklqana
Kikubaaqudgha
Makhleb
Nemelex Xobeh
Okawaru
Pakellas
Qazlal
Ru
Sif Muna
Trog
Uskayaw
Vehumet
Xom
Yredelemnul
Zin
The Shining One

Shops:
D:6 [

Annotations:
D:11 Snorg; epen's ghost, journeyman DrCj


Innate Abilities, Weirdness & Mutations

You have a pair of large horns on your head.
You are mostly covered in rugged brown scales. (AC +2, +5% HP)
Your flesh is cold resistant. (rC+)
You are immune to rotting.
You are immune to freezing clouds.
You are dopey. (Int -2)


Message History

Press: ? - help, Shift-Dir - straight line, f - basilisk
Aim: a basilisk (moderately wounded, chance to defeat MR: 50%)
The basilisk is charmed.
This wand has 2 charges left.
The gargoyle closely misses your basilisk.
The gargoyle hits your basilisk with a flail.
Your limbs are stiffening.
The gargoyle hurls a stone arrow at you.
The stone arrow hits your basilisk.
Your basilisk bites the gargoyle.
You have turned to stone.
The gargoyle hits your basilisk with a flail.
Your basilisk dies!
Your Polearms skill increases to level 7!
The gargoyle hits you with a flail!
* * * LOW HITPOINT WARNING * * *
The gargoyle hits you with a flail!
* * * LOW HITPOINT WARNING * * *
The gargoyle hurls a stone arrow at you.
The stone arrow hits you!
You die...
Your body rises from the dead as a mindless zombie.

#.#########
#.##......###
######.##.#......#
............##/#.#
##......####.#.#
##...#.# #.#l#
##.##... ..#.#
#9#########9# #@#
####.###### #+#
#.........#
#.##.##.#.# # #.#
.# #.##.##)# #
##.#.....#.#
+........#.#
##.#.......#
#.##.#..###


You could see a gargoyle.

Vanquished Creatures
  A centaur zombie (D:10)
  Joseph (D:8)
  3 black mambas
  A spiny frog (Lair:2)
  2 trolls (D:10)
  A two-headed ogre (D:6)
  A spriggan (D:7)
  A basilisk (Lair:2)
  4 yaks (D:10)
  3 hippogriffs
  A hungry ghost (D:12)
  2 porcupines
  2 water moccasins
  2 orc warriors
  A necrophage (D:7)
  2 sky beasts
  2 phantoms
  3 ogres
  2 black bears
  9 wolves
  3 crocodiles
  2 centaurs
  3 giant frogs
  A gnoll sergeant (D:7)
  A wyvern zombie (D:9)
  A scorpion (D:8)
  3 killer bees (D:9)
  An electric eel (Lair:1)
  5 howler monkeys
  4 crimson imps
  A quasit (D:8)
  A giant frog zombie (D:6)
  6 hounds
  2 jellies
  2 orc priests (D:10)
  A giant frog skeleton (D:5)
  3 iguanas
  5 worker ants
  5 orc wizards
  A hound skeleton (D:7)
  A howler monkey zombie (D:7)
  2 worker ant zombies
  3 gnolls (D:7)
  8 adders
  5 river rats (Lair:1)
  A shadow imp (D:5)
  An adder zombie (D:10)
  2 adder skeletons
  3 worms
  A dart slug (D:2)
  5 giant geckos
  23 orcs
  9 bats
  3 giant cockroaches (D:1)
  11 goblins
  3 hobgoblins
  12 jackals
  3 quokkas
  A ball python (D:2)
  A giant gecko skeleton (D:7)
  3 giant newts
  5 kobolds
  6 rats
207 creatures vanquished.

Vanquished Creatures (collateral kills)
  A hydra (Lair:2)
  A spiny frog (Lair:1)
  A rime drake (Lair:2)
  3 blink frogs (Lair:1)
  3 yaks (D:10)
  A water moccasin (Lair:1)
  A porcupine (Lair:1)
  3 orc warriors (D:10)
  An eye of draining (D:9)
  A centaur (D:9)
  2 giant frogs
  An orc priest (D:10)
  An iguana (Lair:1)
  A worker ant (D:9)
  An orc wizard (D:10)
  A worker ant zombie (D:10)
  5 river rats (Lair:1)
  2 orcs
30 creatures vanquished.

Vanquished Creatures (others)
  A black mamba zombie (Lair:1)
  A basilisk (D:12)
  A rime drake zombie (Lair:2)
  3 water moccasin zombies
  3 yak zombies (D:10)
  2 troll zombies (D:10)
  3 wolf zombies
  A jelly (D:8)
  A giant frog zombie (Lair:1)
  2 porcupine zombies
  A crocodile zombie (Lair:1)
  2 worker ant zombies
  An adder (D:12)
  3 river rat zombies (Lair:1)
  4 orc zombies (D:10)
29 creatures vanquished.

Grand Total: 266 creatures vanquished

Notes
Turn   | Place    | Note
-------+----------+-------------------------------------------
     0 | D:1      | JustSomeDude the Demonspawn Fighter began the quest for the Orb.
     0 | D:1      | Reached XP level 1. HP: 18/18 MP: 1/1
   303 | D:1      | Gained mutation: You are immune to rotting. [demonic ancestry]
   303 | D:1      | Reached XP level 2. HP: 16/24 MP: 2/2
   904 | D:2      | Gained mutation: You have a pair of small horns on your head. [demonic ancestry]
   904 | D:2      | Reached XP level 3. HP: 13/29 MP: 3/3
  1264 | D:2      | Reached skill level 1 in Dodging
  1586 | D:2      | Reached XP level 4. HP: 35/35 MP: 4/4
  1932 | D:3      | Found a shimmering altar of Xom.
  2125 | D:3      | Found a glowing silver altar of Zin.
  2437 | D:4      | Gained mutation: You are partially covered in rugged brown scales. (AC +1, +3% HP) [demonic ancestry]
  2437 | D:4      | Reached XP level 5. HP: 31/42 MP: 5/5
  2867 | D:5      | Entered Level 5 of the Dungeon
  2884 | D:5      | Gained mutation: You are mostly covered in rugged brown scales. (AC +2, +5% HP) [demonic ancestry]
  2884 | D:5      | Reached XP level 6. HP: 39/50 MP: 6/6
  2907 | D:5      | Found a blossoming altar of Fedhas.
  2926 | D:5      | Found a staircase to the Ecumenical Temple.
  3120 | Temple   | Entered the Ecumenical Temple
  3255 | Temple   | Became a worshipper of Yredelemnul the Dark
  3442 | D:5      | Gained mutation: Your flesh is cold resistant. (rC+) [demonic ancestry]
  3442 | D:5      | Reached XP level 7. HP: 23/56 MP: 7/7
  3968 | D:6      | Gained mutation: You are resistant to hostile enchantments. (MR+) [mutagenic meat]
  3971 | D:6      | Lost mutation: You are resistant to hostile enchantments. (MR+) [mutagenic meat]
  4139 | D:6      | Found a shattered altar of Ashenzari.
  4187 | D:6      | Found Romohaje's Antique Armour Shop.
  4207 | D:6      | Reached skill level 5 in Armour
  4207 | D:6      | Gained mutation: You have a pair of horns on your head. [demonic ancestry]
  4207 | D:6      | Reached XP level 8. HP: 58/64 MP: 8/8
  4273 | D:6      | Found a radiant altar of Vehumet.
  4557 | D:6      | Noticed a two-headed ogre
  4563 | D:6      | Killed a two-headed ogre
  4563 | D:6      | Reached skill level 5 in Shields
  5430 | D:7      | Reached skill level 5 in Fighting
  5725 | D:7      | Found a hazy altar of Hepliaklqana.
  5898 | D:8      | Reached skill level 1 in Stealth
  5898 | D:8      | Reached XP level 9. HP: 64/71 MP: 9/9
  6019 | D:8      | Noticed Joseph
  6080 | D:8      | Reached skill level 5 in Polearms
  6092 | D:8      | Killed Joseph
  6092 | D:8      | Reached skill level 1 in Evocations
  6850 | D:8      | Found a glowing golden altar of the Shining One.
  6850 | D:8      | Found a white marble altar of Elyvilon.
  6946 | D:9      | Reached * piety under Yredelemnul
  6946 | D:9      | Reached skill level 5 in Dodging
  7329 | D:9      | Found a staircase to the Lair.
  7525 | Lair:1   | Entered Level 1 of the Lair of Beasts
  7555 | Lair:1   | Noticed a black mamba
  7574 | Lair:1   | Killed a black mamba
  7577 | Lair:1   | Noticed a black mamba
  7615 | Lair:1   | Gained mutation: You are dopey. (Int -2) [potion of mutation]
  7615 | Lair:1   | Gained mutation: You have a pair of large horns on your head. [potion of mutation]
  7636 | Lair:1   | Killed a black mamba
  7636 | Lair:1   | Reached skill level 1 in Invocations
  8020 | Lair:1   | Gained mutation: You are immune to freezing clouds. [demonic ancestry]
  8020 | Lair:1   | Reached XP level 10. HP: 68/79 MP: 11/11
  8370 | Lair:1   | Noticed a spiny frog
  8376 | Lair:1   | Killed a spiny frog
  8909 | Lair:2   | Reached ** piety under Yredelemnul
  8937 | Lair:2   | Noticed a six-headed hydra
  9403 | Lair:2   | Noticed a spiny frog
  9413 | Lair:2   | Killed a spiny frog
  9635 | Lair:2   | Killed a six-headed hydra
  9710 | Lair:2   | Noticed a black mamba
  9726 | Lair:2   | Killed a black mamba
  9822 | D:10     | Entered Level 10 of the Dungeon
  9839 | D:10     | Reached XP level 11. HP: 28/87 MP: 14/14
 11550 | D:11     | Noticed Snorg
 11662 | D:11     | Noticed epen's ghost (journeyman DrCj)
 11704 | D:11     | Noticed a centaur warrior
 11741 | D:12     | Reached *** piety under Yredelemnul
 11773 | D:12     | Killed from afar by a gargoyle

Vault maps used:
D:1:      dpeg_arrival_prison
D:3:      nicolae_overflow_hidden_temple, old_standard_altar
D:5:      lemuel_doored_altar, first_bread
D:6:      kennysheep_mini_moat, serial_shops, nicolae_shop_behind_doors,
          hangedman_decor_clover_reticule, minmay_misc_feat_iff,
          cheibrodos_ashenzari_chains
D:7:      overflow_temple_1_default, the_bakery, minivault_23
D:8:      gammafunk_temple_overflow_wave, grunt_ministairs_15, uniq_joseph
D:9:      lair_0_dummy
D:11:     david_orc_5, uniq_snorg
D:12:     serial_park_tiny_pond
Temple:   regret_index_temple_waves
Lair:1:   grunt_megastairs_5, serial_bayou_shore_a

Skill      XL: |  1  2  3  4  5  6  7  8  9 10 11 |
---------------+----------------------------------+-----
Shields        | 3 4 5 7 8 |  8.2
Armour         | 3 4 5 7 8 |  8.5
Polearms       | 2 3 4 5 6 7 |  7.0
Dodging        | 1 2 3 4 5 6 |  6.4
Fighting       | 4 5 6 7 |  7.0
Stealth        | 1 2 |  2.4
Evocations     | 1 2 |  2.3
Invocations    | 1 4 |  4.9

Action                   |  1- 3 |  4- 6 |  7- 9 | 10-12 || total
-------------------------+-------+-------+-------+-------++-------
Melee: Trident           |   163 |   194 |   423 |   353 ||  1133
       Headbutt          |    10 |    22 |    69 |    68 ||   169
Throw: Tomahawk          |       |       |       |     1 ||     1
Invok: Animate Remains   |       |       |     3 |    29 ||    32
       Animate Dead      |       |       |       |     1 ||     1
Evoke: Wand              |       |       |    10 |    15 ||    25
  Use: Potion            |       |     1 |    12 |     5 ||    18
       Scroll            |       |       |     5 |    12 ||    17
 Stab: Distracted        |       |       |     1 |     5 ||     6
  Eat: Chunk             |     2 |     5 |    10 |     5 ||    22
       Beef jerky        |       |     1 |       |     1 ||     2
       Meat ration       |       |       |     2 |     2 ||     4
       Pizza             |       |       |     1 |     2 ||     3
       Bread ration      |       |       |       |     1 ||     1
       Fruit             |       |       |       |     3 ||     3
       Royal jelly       |       |       |       |     1 ||     1
Armor: Scale mail        |    91 |    96 |    47 |    60 ||   294
       Chain mail        |       |       |   182 |    67 ||   249
       Skin              |       |       |    11 |       ||    11
Dodge: Dodged            |    49 |    56 |   245 |   224 ||   574
Block: Shield            |    78 |    89 |   276 |   218 ||   661
